Map: Deathaura LE

Players

Ryu

  • Race: Zerg Zerg
  • League: Master
  • Spawn Location: 11:00

TheZergLord - Winner!

  • Race: Zerg Zerg
  • League: Grandmaster
  • Spawn Location: 5:00

Event: DreamHack SC2 Masters 2020 Fall

VOD

Have the link to the VOD?

Description

Time

  • Played on: Aug. 26, 2020, 4:41 p.m.
  • Length: 5:38

All games in this series

Show
View Real Time Build Order
Export as new Build Order

Ryu Zerg 

Build Orders: Hatch First 

Get SALT Encoding   

  12  0:01  Drone  
  13  0:12  Overlord  
  13  0:16  Drone  
  14  0:31  Drone x2  
  16  0:47  Hatchery  
  15  0:51  Drone  
  15  0:55  Drone  
  17  0:58  Drone  
  17  1:01  Extractor  
  17  1:14  Spawning Pool  
  17  1:17  Drone  
  17  1:22  Drone  
  18  1:28  Drone  
  19  1:40  Drone  
  20  2:00  Queen x2  
  24  2:01  Zergling x4  
  24  2:04  Metabolic Boost  
  24  2:07  Overlord  
  26  2:14  Drone  
  26  2:15  Drone  
  28  2:26  Zergling x4  
  30  2:32  Drone  
  31  2:40  Hatchery  
  31  2:42  Zergling x2  
  31  2:49  Baneling Nest  
  31  2:50  Drone  
  31  2:54  Drone  
  32  2:58  Overlord  
  32  3:08  Zergling x6  
  32  3:12  Overlord  
  34  3:18  Zergling x4  
  36  3:21  Zergling x2  
  36  3:24  Drone  
  38  3:33  Zergling x4  
  40  3:34  Baneling x3  
  40  3:35  Drone x2  
  40  3:41  Evolution Chamber  
  38  3:43  Zergling x2  
  38  3:44  Zergling x2  
  40  3:51  Zergling x6  
  43  3:59  Zergling x6  
  43  4:01  Baneling  
  43  4:02  Baneling  
  44  4:04  Zergling x2  
  44  4:06  Zergling x2  
  44  4:08  Zergling x2  
  44  4:13  Zergling x4  
  44  4:16  Drone  
  38  4:21  Baneling  
  38  4:22  Zergling x4  
  35  4:27  Drone  
  36  4:35  Queen  
  36  4:37  Drone  
  39  4:44  Zergling x6  
  40  4:48  Zergling x2  
  40  4:49  Zergling x2  
  40  4:50  Baneling  
  42  4:55  Zergling x4  
  42  4:58  Zergling x2  
  45  5:04  Baneling  
  47  5:16  Baneling x2  
  47  5:17  Zergling x2  
  47  5:18  Zergling x8  
Show
View Real Time Build Order
Export as new Build Order

TheZergLord Zerg - Winner!

Build Orders: Hatch First 

Get SALT Encoding   

  12  0:00  Drone  
  13  0:13  Overlord  
  13  0:18  Drone  
  14  0:31  Drone x2  
  16  0:48  Hatchery  
  15  0:51  Drone  
  15  0:55  Drone  
  17  0:58  Drone  
  18  1:09  Extractor  
  17  1:13  Spawning Pool  
  17  1:17  Drone  
  17  1:20  Drone  
  18  1:29  Drone  
  19  1:40  Drone  
  20  1:50  Overlord  
  20  2:00  Queen x2  
  24  2:01  Zergling x4  
  26  2:10  Metabolic Boost  
  26  2:12  Drone x2  
  28  2:27  Drone x2  
  30  2:37  Zergling x2, Hatchery  
  30  2:43  Drone  
  31  2:47  Baneling Nest  
  30  2:51  Drone  
  30  2:52  Drone  
  30  2:58  Overlord  
  32  3:05  Zergling x6  
  36  3:12  Zergling x2  
  36  3:18  Zergling x10  
  41  3:23  Drone  
  42  3:30  Roach Warren  
  42  3:31  Baneling  
  39  3:48  Overlord x2  
  39  3:52  Baneling x2  
  34  4:19  Roach x4  
  34  4:20  Roach x3  
  34  4:21  Zergling x12  
  50  4:27  Zergling x6  
  52  4:31  Zergling x4  
  52  4:38  Zergling x4  
  56  4:43  Zergling x2  
  57  4:48  Zergling x2  
  58  4:53  Baneling x3  
  58  4:54  Baneling  
  58  4:55  Zergling x2  
  59  5:04  Baneling  
  59  5:17  Hatchery  

Tags
 
Add a new tag
Caveats
  • Supply blocks, unpowered buildings, or Contaminate may cause inaccurate times.
  • Supply counts are checked every 10 seconds.